 Dungeon Crawl Stone Soup version 0.30-a0-475-g03497ec522 (webtiles) character file.

Game seed: 1820802509484162387

1010 PyroL the Trooper (level 8, -2/70 HPs)
             Began as a White Draconian Warper on Dec 21, 2022.
             Succumbed to Edmund's poison
             ... on level 5 of the Dungeon.
             The game lasted 00:11:44 (4262 turns).

PyroL the Trooper (White Draconian Warper)          Turns: 4262, Time: 00:11:44

Health: -2/70      AC:  6    Str: 15      XL:     8   Next: 1%
Magic:  3/15       EV: 12    Int: 15      God:
Gold:   326        SH:  0    Dex:  8 (10) Spells: 11/17 levels left

rFire   + . .      SeeInvis .    o - +1 dagger (drain)
rCold   + . .      Faith    .    (no shield)
rNeg    . . .      Spirit   +    (body armour unavailable)
rPois   .          Reflect  .    (helmet restricted)
rElec   .          Harm     .    (no cloak)
rCorr   .          Rampage  .    (no gloves)
Will    .....                    (no boots)
Stlth   +.........               s - amulet of guardian spirit
HPRegen 0.31/turn                a - ring of protection from fire
MPRegen 0.14/turn                (no ring)

@: confused, lethally poisoned (-2 -> -17)
A: breathe frost, AC +6, unfitting armour, cold resistance 1, cold-blooded,
mutation resistance 1
a: Breathe Frost


You were on level 5 of the Dungeon.
You visited 1 branch of the dungeon, and saw 6 of its levels.

You collected 326 gold pieces.

Inventory:

Hand Weapons
 o - a +1 dagger of draining (weapon)
Missiles
 c - 7 boomerangs of dispersal
Armour
 d - a +2 tower shield
Jewellery
 a - a ring of protection from fire (left hand)
 s - an amulet of guardian spirit (around neck)
Wands
 f - a wand of paralysis (10)
 p - a wand of roots (10)
 q - a wand of polymorph (2)
 u - a wand of acid (6)
Scrolls
 b - 2 scrolls of blinking
 e - a scroll of enchant armour {unknown}
 j - a scroll of magic mapping {unknown}
 k - a scroll of fog
 n - a scroll of teleportation
 r - a scroll of poison
Potions
 g - a potion of flight
 h - 2 potions of degeneration
 i - a potion of might
 l - a potion of lignification
 v - a potion of brilliance
 w - a potion of attraction {unknown}


   Skills:
 + Level 6.2 Fighting
 - Level 2.0 Maces & Flails
 - Level 0.8 Throwing
 - Level 2.1 Dodging
 + Level 5.2 Spellcasting
 + Level 6.1 Translocations


You had 11 spell levels left.
You knew the following spells:

 Your Spells              Type           Power      Damage    Failure   Level
a - Blink                 Tloc           44%        N/A       1%          2
b - Manifold Assault      Tloc           22%        N/A       13%         4

Your spell library contained the following spells:

 Spells                   Type           Power      Damage    Failure   Level
 Apportation              Tloc           44%        N/A       1%          1
 Lesser Beckoning         Tloc           44%        N/A       3%          3
 Teleport Other           Tloc           22%        N/A       3%          3
 Vhi's Electric Charge    Tloc/Air       26%        N/A       14%         3
 Magic Dart               Conj           12%        1d3       16%         1
 Necrotise                Necr           12%        1d4       16%         1
 Shock                    Conj/Air       12%        1d3       16%         1
 Summon Small Mammal      Summ           12%        N/A       16%         1
 Call Imp                 Summ           3%         N/A       24%         2
 Mephitic Cloud           Conj/Pois/Air  3%         N/A       43%         3
 Swiftness                Air            3%         N/A       43%         3
 Airstrike                Air            1%         2d(1-17)  85%         4


Dungeon Overview and Level Annotations

Branches:
Dungeon (6/15)
 Temple: D:4-7

Altars:
Trog
Uskayaw
Wu Jian

Shops:
D:4 *=

Annotations:
D:5 Dowan, Edmund


Innate Abilities, Weirdness & Mutations

You can breathe waves of freezing cold which knock back foes.
Your icy white scales are hard. (AC +6)
You cannot fit into any form of body armour.
Your flesh is cold resistant. (rC+)
You are cold-blooded and may be slowed by cold attacks.
You are somewhat resistant to further mutation.


Message History

Edmund attacks as you move away! Edmund hits you but does no damage.
You hit Edmund.
Edmund is moderately wounded.
You feel stable enough to blink again. Edmund barely misses you.
You're too confused to cast spells.
Unknown command.
The quasit attacks as you move away! The quasit bites you.
* * * LOW HITPOINT WARNING * * *
The quasit claws you.
* * * LOW HITPOINT WARNING * * *
The quasit claws you but does no damage.
Edmund attacks as you move away!
Edmund hits you with a +2 flail of venom.
* * * LOW HITPOINT WARNING * * *
You are lethally poisoned!
* * * LOW HITPOINT WARNING * * *
You feel very sick.
You bump into the rock wall.
* * * LOW HITPOINT WARNING * * *
You feel very sick.
The quasit bites you but does no damage.
The quasit claws you but does no damage.
The quasit closely misses you.
Edmund hits you with a +2 flail of venom.
* * * LOW HITPOINT WARNING * * *
You are more poisoned.
The quasit bites you but does no damage.
The quasit barely misses you.
The quasit claws you but does no damage.
It was a potion of mutation.
You feel extremely strange.
You feel genetically stable.
* * * LOW HITPOINT WARNING * * *
You feel very sick. Edmund misses you.
The quasit bites you but does no damage.
The quasit claws you.
* * * LOW HITPOINT WARNING * * *
The quasit misses you.
You die...

##.......#.#.#
.......<...#.#
##.........#.#
##.....#..#.#######[#
##...##........o...#
##.####..#..### ###
#....o# ################
#.#.5@###...............
#.#..5.@..#.######.#####
#.#..o#####.# #.####.
#.##..# #@# #.##...
#.##..#####.######.#....
#....................>..
####..#####.######.#...#
######## ##..# #.#
#..##.## .......# #...#
#.# #.###.# ######.#
#.#@# ##.#####.###.#


You could see Edmund, an orc wizard and 2 quasits.

Vanquished Creatures
  Eustachio (D:5)
  A water moccasin (D:2)
  An ogre (D:3)
  A centaur (D:6)
  2 phantoms
  A scorpion (D:5)
  3 orc priests
  3 jellies
  A hound (D:4)
  An iguana (D:4)
  An orc wizard (D:4)
  4 adders
  An ufetubus (D:5)
  2 dart slugs
  8 orcs
  8 ball pythons
  4 bats
  6 endoplasms (D:1)
  3 giant cockroaches
  6 goblins
  7 hobgoblins
  6 jackals
  10 kobolds
  5 quokkas
  A frilled lizard (D:2)
  8 rats
95 creatures vanquished.

Vanquished Creatures (others)
  7 demonic plants (D:5)
7 creatures vanquished.

Grand Total: 102 creatures vanquished

Notes
Turn   | Place    | Note
-------+----------+-------------------------------------------
     0 | D:1      | PyroL the Draconian Warper began the quest for the Orb.
     0 | D:1      | Reached XP level 1. HP: 17/17 MP: 3/3
   156 | D:1      | Reached XP level 2. HP: 23/25 MP: 5/5
   159 | D:1      | Learned a level 2 spell: Blink
   514 | D:1      | Reached XP level 3. HP: 30/30 MP: 6/6
   743 | D:2      | Found a faded altar of an unknown god.
  1117 | D:3      | Noticed an ogre
  1336 | D:3      | Found a hide-covered altar of Uskayaw.
  1353 | D:3      | Reached XP level 4. HP: 35/37 MP: 8/8
  1404 | D:3      | Killed an ogre
  1405 | D:3      | Reached XP level 5. HP: 35/46 MP: 9/9
  1783 | D:4      | Found Tiest's Serpentskin Sales.
  1783 | D:4      | Noticed a water moccasin
  1819 | D:2      | Killed a water moccasin
  1924 | D:3      | Reached XP level 6. HP: 53/53 MP: 11/11
  2234 | D:4      | Found an ornate altar of the Wu Jian Council.
  2317 | D:4      | Found a bloodstained altar of Trog.
  2329 | D:4      | Found Fuolaf's Jewellery Boutique.
  2341 | D:4      | Reached skill level 5 in Translocations
  2678 | D:4      | Reached skill level 5 in Fighting
  2732 | D:5      | Entered Level 5 of the Dungeon
  2754 | D:5      | Noticed Edmund
  2754 | D:5      | Noticed Eustachio
  2952 | D:5      | Your scales start taking on an icy white colour.
  2952 | D:5      | Reached XP level 7. HP: 27/61 MP: 5/13
  2952 | D:5      | Gained mutation: Your flesh is cold resistant. (rC+) [White
                  | Draconian growth]
  2962 | D:5      | Noticed Dowan
  3150 | D:5      | You fall into a shaft and drop 1 floor!
  3753 | D:5      | Reached skill level 5 in Spellcasting
  3847 | D:5      | Killed Eustachio
  3848 | D:5      | Reached XP level 8. HP: 23/70 MP: 7/15
  3853 | D:5      | Learned a level 4 spell: Manifold Assault
  4261 | D:5      | Gained mutation: You are somewhat resistant to further
                  | mutation. [potion of mutation]
  4261 | D:5      | HP: 2/70 [poisoned by Edmund]
  4262 | D:5      | Succumbed to Edmund's poison

Illustrated notes

Levels and vault maps discovered:
D:1:      minmay_arrival_checkered_box, layout_basic
D:2:      layout_rooms, hellmonk_ecumenical_altar_zigzags, serial_bayou_pond_e,
          grunt_ministairs_10
D:3:      layout_rooms, eat_drink_and_be_merry_uskayaw
D:4:      layout_rooms, nicolae_wu_jian_wuxing_cycle,
          mainiacjoe_overflow_surrounded_room, serial_shops, shop,
          guppyfry_shop_venom
D:5:      layout_loops_ring, serial_demonic, serial_demonic_g, serial_demonic_g,
          serial_demonic_e, serial_demonic_f, uniq_duvessa, uniq_edmund,
          uniq_eustachio
D:6:      black_bear_nest_1, layout_gridville, enter_ossuary_2

Skill      XL: |  1  2  3  4  5  6  7 |
---------------+----------------------+-----
Fighting       | 3 4 5 6 |  6.2
Spellcasting   | 3 4 5 |  5.2
Translocations | 4 5 6 |  6.1
Maces & Flails | |  2.0
Throwing       | |  0.8
Dodging        | |  2.1

Action                   |  1- 3 |  4- 6 |  7- 9 || total
-------------------------+-------+-------+-------++-------
Melee: Mace              |   161 |     1 |       ||   162
       Tailslap          |    15 |    19 |    13 ||    47
       Punch             |     2 |     6 |     2 ||    10
       Dagger            |       |   174 |   183 ||   357
 Cast: Blink             |       |     4 |     6 ||    10
  Use: Potion            |       |     5 |     1 ||     6
       Scroll            |       |     1 |     5 ||     6
 Stab: Sleeping          |     1 |       |       ||     1
Armor: Skin              |    89 |    83 |   116 ||   288
Dodge: Dodged            |   140 |   130 |   167 ||   437

Table legend: (Time is in decaauts)
 A = Elapsed time spent in this place.
 B = Non-inter-level travel time spent in this place.
 C = Inter-level travel time spent in this place.
 D = Time resting spent in this place.
 E = Time spent auto-exploring this place.
 F = Levels seen in this place.
 G = Mean time per level.
                   A        B        C        D        E       F      G
               +--------+--------+--------+--------+--------+-----+--------+
         Total |   4316 |   4209 |    107 |    957 |   1925 |   6 |  719.3 |
       Dungeon |   4316 |   4209 |    107 |    957 |   1925 |   6 |  719.3 |
               +--------+--------+--------+--------+--------+-----+--------+

Top non-repeatable levels by time:
     D:4: 1168 daAuts
     D:2: 814 daAuts
     D:5: 675 daAuts
     D:1: 614 daAuts
     D:3: 564 daAuts
     D:6: 479 daAuts
